 Dungeon Crawl Stone Soup version 0.22-a0-422-g9628fc8 (webtiles) character file.

187 PegasusDuck the Chiller (level 5, -3/35 HPs)
             Began as a Barachi Ice Elementalist on May 21, 2018.
             Was an Initiate of Gozag.
             Slain by a worm (7 damage)
             ... on level 3 of the Dungeon.
             The game lasted 00:07:32 (2470 turns).

PegasusDuck the Chiller (Barachi Ice Elementalist)  Turns: 2470, Time: 00:07:33

Health: -3/35      AC:  2    Str:  9    XL:     5   Next: 66%
Magic:  11/11      EV: 14    Int: 16    God:    Gozag
Gold:   14         SH:  0    Dex: 16    Spells: 6/12 levels left

rFire    . . .     SeeInvis .   (no weapon)
rCold    . . .     Gourm    .   (no shield)
rNeg     . . .     Faith    .   a - +0 robe
rPois    .         Spirit   .   (no helmet)
rElec    .         Reflect  .   (no cloak)
rCorr    .         Harm     .   (no gloves)
MR       .....                  (no boots)
Stlth    +.........             (no amulet)
HPRegen  0.11/turn              b - +3 ring of dexterity
MPRegen  0.12/turn              (no ring)

@: confused, slowed, very slow
A: +LOS, swims, slowness 1, strong legs 1
a: Hop, Potion Petition, Call Merchant, Bribe Branch, Renounce Religion


You were on level 3 of the Dungeon.
You worshipped Gozag.
Gozag was noncommittal.
You were very hungry.

You visited 2 branches of the dungeon, and saw 6 of its levels.

You collected 47 gold pieces.
You paid 33 gold pieces to Gozag.

Inventory:

Hand Weapons
 d - a +0 spear
Armour
 a - a +0 robe (worn)
 i - a +3 leather armour
Jewellery
 b - a +3 ring of dexterity (left hand)
Scrolls
 g - a scroll of enchant weapon
Potions
 c - a potion of magic
 h - a potion of mutation {unknown}
 k - a potion of heal wounds {unknown}
Comestibles
 f - 4 rations


   Skills:
 + Level 3.3 Dodging
 + Level 2.9 Stealth
 * Level 4.0 Spellcasting
 - Level 1.1 Conjurations
 + Level 4.6 Ice Magic


You had 6 spell levels left.
You knew the following spells:

 Your Spells              Type           Power        Failure   Level  Hunger
a - Freeze                Ice            ###.         2%          1    None
b - Throw Frost           Conj/Ice       ##....       8%          2    ##.....
c - Ozocubu's Armour      Chrm/Ice       ##......     21%         3    ###....

Your spell library contained the following spells:

 Spells                   Type           Power        Failure   Level  Hunger
 Summon Ice Beast         Ice/Summ       ##......     54%         4    ####...
 Throw Icicle             Conj/Ice       ##......     45%         4    ####...


Dungeon Overview and Level Annotations

Branches:
Dungeon (5/15)             Temple (1/1) D:4

Altars:
Gozag
Hepliaklqana
Kikubaaqudgha
Makhleb

Annotations:
D:2 Sigmund


Innate Abilities, Weirdness & Mutations

Shadows flee at your approach. (+LOS)
You can swim through water.
You cover ground slowly.
You can hop short distances.


Message History

You closely miss the worm.
The orc wizard gestures at you while chanting.
You feel yourself slow down.
An orc comes into view. It is wielding a hand axe.
The worm bites you!
* * * LOW HITPOINT WARNING * * *
Unknown command.
It was a potion of magic.
Magic courses through your body.
The orc wizard hits you but does no damage.
The orc wizard is distracted by the nearby gold.
Something barely misses you.
You closely miss the orc wizard.
The orc wizard is no longer distracted by gold.
The orc wizard shouts!
The orc wizard is severely wounded.
The orc wizard hits you with a dagger.
* * * LOW HITPOINT WARNING * * *
The worm bites you!
You die...
Your body crumbles into a pile of gold.

..# ####..#
#.$...#
#.#o..#
#.....#
#.#.#.#
#.#.#.######
#.w{o.......
###@#.#####
+........#
###.#....#
#.#....# #
#....#
######


You could see a worm, an orc wizard and an orc.

Vanquished Creatures
  Jessica (D:2)
  An iguana (D:4)
  A worker ant (D:2)
  Terence (D:1)
  Robin (D:2)
  A gnoll (D:1)
  An adder (D:2)
  A dart slug (D:1)
  2 worms (D:2)
  An orc (D:3)
  2 giant cockroaches
  11 goblins
  6 hobgoblins
  8 jackals
  A quokka (D:2)
  A bat (D:1)
  2 frilled lizards
  5 kobolds (D:1)
  A leopard gecko skeleton (D:4)
  5 rats
53 creatures vanquished.

Vanquished Creatures (others)
  A frilled lizard (D:3)
1 creature vanquished.

Grand Total: 54 creatures vanquished

Notes
Turn   | Place    | Note
-------+----------+-------------------------------------------
     0 | D:1      | PegasusDuck the Barachi Ice Elementalist began the quest for the Orb.
     0 | D:1      | Reached XP level 1. HP: 13/13 MP: 3/3
   313 | D:1      | Reached XP level 2. HP: 19/19 MP: 3/5
   317 | D:1      | Learned a level 2 spell: Throw Frost
   679 | D:1      | Reached XP level 3. HP: 21/24 MP: 4/7
  1063 | D:2      | Noticed Terence
  1109 | D:2      | Noticed Robin
  1110 | D:2      | Noticed Jessica
  1314 | D:1      | Killed Terence
  1314 | D:1      | Reached XP level 4. HP: 20/30 MP: 0/8
  1491 | D:2      | Learned a level 3 spell: Ozocubu's Armour
  1584 | D:2      | Killed Jessica
  1792 | D:2      | Reached XP level 5. HP: 35/35 MP: 3/10
  1938 | D:2      | Killed Robin
  2000 | D:2      | Noticed Sigmund
  2048 | D:3      | Noticed a two-headed ogre
  2077 | D:4      | Found a staircase to the Ecumenical Temple.
  2081 | Temple   | Entered the Ecumenical Temple
  2192 | Temple   | Became a worshipper of Gozag Ym Sagoz the Greedy
  2297 | D:4      | You fall through a shaft!
  2297 | D:5      | Entered Level 5 of the Dungeon
  2470 | D:3      | Slain by a worm

Vault maps used:
D:1:      minmay_arrival_arboretum_small
D:2:      led_sif_pool, uniq_robin, uniq_sigmund, uniq_jessica, uniq_terence
D:3:      grunt_temple_overflow_holy_war,
          chequers_temple_overflow_statue_of_worship, first_ration,
          kennysheep_cross_bottleneck, item_on_display_a, uniq_grinder
D:4:      temple_statues, serial_corexii_hall, corexii_hall_statues_deadend,
          corexii_hall_statues_l, corexii_hall_statues_s, corexii_hall_statues_i
D:5:      cheibrodos_thug_alley, grunt_tough_drop
Temple:   eino_temple_scatter_basement

Skill      XL: |  1  2  3  4  5 |
---------------+----------------+-----
Stealth        | 2 |  2.9
Ice Magic      | 4 |  4.6
Spellcasting   | 3 4 |  4.0
Dodging        | 3 |  3.3
Conjurations   | |  1.1

Action                   |  1- 3 |  4- 6 || total
-------------------------+-------+-------++-------
Melee: Unarmed           |     1 |     5 ||     6
 Cast: Freeze            |    45 |    42 ||    87
       Throw Frost       |     7 |    12 ||    19
       Ozocubu's Armour  |       |     1 ||     1
 Abil: Hop               |       |     2 ||     2
  Use: Scroll            |     2 |       ||     2
       Potion            |       |     3 ||     3
  Eat: Chunk             |     1 |     1 ||     2
       Ration            |       |     1 ||     1
Armor: Robe              |     9 |     9 ||    18
Dodge: Dodged            |    33 |    71 ||   104

Table legend:
 A = Spawn XP
 B = Non-spawn XP
 C = Spawn XP percentage of total XP
 D = Spawn monster count
 E = Non-spawn monster count
 F = Spawn count percentage of total count
 G = Total turns spent on level
                    A         B        C        D         E        F      G
               +---------+---------+-------+---------+---------+-------+---------
         Total |       0 |     268 |   0.0 |       0 |      53 |   0.0 |  2470
               +---------+---------+-------+---------+---------+-------+---------
           D:1 |       0 |      93 |   0.0 |       0 |      29 |   0.0 |  1548
           D:2 |       0 |     130 |   0.0 |       0 |      18 |   0.0 |   500
           D:3 |       0 |       3 |   0.0 |       0 |       1 |   0.0 |    40
           D:4 |       0 |      36 |   0.0 |       0 |       2 |   0.0 |   155
        Temple |       0 |       6 |   0.0 |       0 |       3 |   0.0 |   151
               +---------+---------+-------+---------+---------+-------+---------
